 Dungeon Crawl Stone Soup version bcrawl-1.21.3 (webtiles) character file.

Game seed: 16381108007492332511

34 Flugslaktarn the Sneak (level 3, -5/23 HPs)
             Began as a Skeleton Archaeologist on Mar 30, 2020.
             Slain by a goblin
             ... wielding a +0 dagger
             ... led by Robin
              (7 damage)
             ... on level 2 of the Dungeon.
             The game lasted 00:00:45 (1548 turns).

Flugslaktarn the Sneak (Skeleton Archaeologist)     Turns: 1548, Time: 00:00:45

Health: -5/23      AC: 11    Str: 17 (18) XL:     3   Next: 14%
Magic:  0/3        EV:  8    Int: 11 (12) God:
Gold:   155        SH:  0    Dex:  7      Spells: 2/2 levels left

rFire    . . .     SeeInvis .   a - +0 whip
rCold    + . .     Gourm    .   (no shield)
rNeg     + + +     Faith    .   k - +0 chain mail
rPois    ∞         Spirit   +   c - +1 hat
rElec    .         Reflect  .   (no cloak)
rCorr    .         Harm     .   (no gloves)
MR       .....                  d - +1 pair of boots
Stlth    ..........             (no amulet)
HPRegen  0.07/turn              (no ring)
MPRegen  0.08/turn              (no ring)

@: no status effects
A: no food or potions, cold resistance 1, deterioration 1, negative energy
resistance 3, torment resistance, unbreathing, magic shield, sturdy frame 1,
spell healing
a: no special abilities


You were on level 2 of the Dungeon.
You were not hungry.

You visited 1 branch of the dungeon, and saw 2 of its levels.

You collected 155 gold pieces.

Inventory:

Hand Weapons
 a - a +0 whip (weapon)
Armour
 c - a +1 hat (worn)
 d - a +1 pair of boots (worn)
 k - a +0 chain mail (worn)
   (You found it on level 1 of the Dungeon)
Scrolls
 e - a scroll of magic mapping
 h - a scroll of teleportation {unknown}
 i - 3 scrolls of identify {unknown}
 j - a scroll of amnesia {unknown}
Miscellaneous
 f - a dusty tome


   Skills:
 + Level 3.1 Fighting
 - Level 1.2 Maces & Flails
 - Level 3.0 Dodging
 - Level 3.6 Stealth


You had 2 spell levels left.
You didn't know any spells.
Your spell library was empty.

Dungeon Overview and Level Annotations

Branches:
Dungeon (2/12)

Altars:
The Shining One

Annotations:
D:2 Robin


Innate Abilities, Weirdness & Mutations

You do not eat or drink.
You are immune to poison.
Your flesh is cold resistant. (rC+)
Your body sometimes deteriorates upon taking damage.
You are immune to negative energy. (rN+++)
You are immune to unholy pain and torment.
You can survive without breathing.
When hurt, damage is shared between your health and your magic reserves.
Your movements are slightly less encumbered by armour. (ER -2)
Casting spells heals you.


Message History

You closely miss the goblin.
The goblin is moderately wounded.
The goblin hits you with a +0 dagger.
* * * LOW HITPOINT WARNING * * *
Robin barely misses you.
Your chain mail prevents you from hitting the goblin.
The goblin is moderately wounded.
The goblin hits you with a +0 dagger.
* * * LOW HITPOINT WARNING * * *
Robin completely misses you.
You closely miss the goblin.
The goblin is moderately wounded.
The goblin hits you but does no damage. Robin barely misses you.
You closely miss the goblin. The goblin hits you but does no damage.
Robin hits you but does no damage.
You barely miss the goblin. The goblin barely misses you.
Robin hits you from afar with a +0 spear.
* * * LOW HITPOINT WARNING * * *
You completely miss the goblin. The goblin hits you with a +0 dagger!
You die...

#.).....gg.g..†#......
###.....###gg).†.).(._..
#..<....# #...#.)#......
#.#.#+#.# #..$)..# .....
# #.# #..$...# .... #(#
##.....# .## #g#
#....... .. #)#
#######+# . #@# #g# #.#
#.# #.# #.# #########.#
#.[....<#.# #.#######.#


You could see Robin and a goblin.

Vanquished Creatures
  An ooze (D:1)
  2 bats
  A giant cockroach (D:1)
  10 goblins (D:2)
  4 hobgoblins
  A jackal (D:1)
  2 kobolds
  2 ball pythons
  A frilled lizard (D:1)
  A rat (D:1)
25 creatures vanquished.

Notes
Turn   | Place    | Note
-------+----------+-------------------------------------------
     0 | D:1      | Flugslaktarn the Skeleton Archaeologist began the quest for
                  | the Orb.
     0 | D:1      | Reached XP level 1. HP: 12/12 MP: 1/1
   313 | D:1      | Reached XP level 2. HP: 16/17 MP: 2/2
  1488 | D:2      | Found a glowing golden altar of the Shining One.
  1492 | D:2      | Noticed Robin
  1504 | D:2      | Reached XP level 3. HP: 19/23 MP: 1/3
  1548 | D:2      | Slain by a goblin

Skill      XL: |  1  2 |
---------------+-------+-----
Fighting       | 2 3 |  3.1
Maces & Flails | |  1.2
Dodging        | |  3.0
Stealth        | |  3.6

Action                   || total
-------------------------++-------
Melee: Whip              ||   116
 Stab: Sleeping          ||     1
Armor: Ring mail         ||    18
       Robe              ||     2
       Chain mail        ||    45
Dodge: Dodged            ||    71
